 Dungeon Crawl Stone Soup version 0.29-a0-330-g52719c12eb (webtiles) character file.

Game seed: 3615821500664842026

46 kae the Firebug (level 3, 0/22 HPs)
             Began as an Octopode Fire Elementalist on Apr 18, 2022.
             Slain by Terence
             ... wielding a +0 morningstar
              (2 damage)
             ... on level 2 of the Dungeon.
             The game lasted 00:00:50 (1798 turns).

kae the Firebug (Octopode Fire Elementalist)        Turns: 1798, Time: 00:00:51

Health: 0/22       AC:  3    Str:  7    XL:     3   Next: 68%
Magic:  0/6        EV: 13    Int: 19    God:
Gold:   103        SH:  0    Dex: 12    Spells: 0/6 levels left

rFire   . . .      SeeInvis +   d - +0 war axe
rCold   . . .      Faith    .   (no shield)
rNeg    . . .      Spirit   .   (helmet restricted)
rPois   .          Reflect  .   (no amulet)
rElec   .          Harm     .   (no ring)
rCorr   .          Rampage  .   (no ring)
Will    .....      Rage     1%  (no ring)
Stlth   +++.......              (no ring)
HPRegen 0.07/turn               (no ring)
MPRegen 0.10/turn               (no ring)
                                (no ring)
                                (no ring)

@: flying
A: almost no armour, amphibious, 8 rings, camouflage 1, gelatinous body 1,
(nimble swimmer 1), tentacles, iridescent scales 1, see invisible, berserk 1
a: no special abilities


You were on level 2 of the Dungeon.
You visited 1 branch of the dungeon, and saw 2 of its levels.

You collected 103 gold pieces.

Inventory:

Hand Weapons
 d - a +0 war axe (weapon)
Jewellery
 n - a ring of ice
Scrolls
 e - 2 scrolls of identify {unknown}
 j - a scroll of fog {unknown}
 k - a scroll of immolation {unknown}
Potions
 a - a potion of magic
 b - a potion of mutation
 c - 3 potions of curing
 g - a potion of lignification {unknown}
 h - a potion of attraction {unknown}
 i - a potion of cancellation {unknown}
 l - 2 potions of haste {unknown}
 m - a potion of ambrosia {unknown}


   Skills:
 + Level 0.7 Fighting
 + Level 2.2 Dodging
 + Level 3.2 Stealth
 + Level 2.2 Spellcasting
 + Level 1.6 Conjurations
 * Level 3.6 Fire Magic


You couldn't memorise any spells.
You knew the following spells:

 Your Spells              Type           Power      Damage    Failure   Level
a - Foxfire               Conj/Fire      48%        2x1d6     5%          1
b - Scorch                Fire           30%        2d6       6%          2
c - Conjure Flame         Conj/Fire      12%        6-21      17%         3

Your spell library contained the following spells:

 Spells                   Type           Power      Damage    Failure   Level
 Inner Flame              Hex/Fire       8%         N/A       24%         3
 Flame Wave               Conj/Fire      12%        2d6       50%         4


Dungeon Overview and Level Annotations

Branches:
Dungeon (2/15)

Altars:

Annotations:
D:2 Terence


Innate Abilities, Weirdness & Mutations

You cannot wear most types of armour.
You are amphibious.
You can wear up to eight rings at the same time.
Your skin changes colour to match your surroundings (Stealth+).
Your rubbery body absorbs attacks. (AC +1, EV +1)
((You are camouflaged when in or above water. (Stealth+)))
You have tentacles for arms and can constrict up to eight enemies at once.
You are partially covered in iridescent scales. (AC +2)
You have supernaturally acute eyesight. (SInv)
You tend to lose your temper in combat.


Message History

Terence is heavily wounded.
Terence's fire resistance burns away.
Terence closely misses you. Terence hits you with a +0 morningstar!
Casting: Scorch (safe; 6% risk of failure)
Confirm with . or Enter, or press ? or * to list all spells.
You don't have enough magic to cast this spell.
It was a potion of mutation.
You feel extremely strange.
You feel a little pissed off.
Iridescent scales grow over part of your body.
Your vision sharpens.
Terence hits you with a +0 morningstar!
Ouch! That really hurt!
* * * LOW HITPOINT WARNING * * *
It was a potion of curing.
You feel better. Terence closely misses you.
You hit Terence but do no damage. You grab Terence.
Terence is heavily wounded.
You constrict Terence.
Terence is no longer more vulnerable to fire.
Terence hits you with a +0 morningstar.
It was a potion of flight.
You feel very buoyant.
You fly up into the air.
You constrict Terence, but do no damage.
Terence closely misses you.
You completely miss Terence.
Terence is severely wounded.
You constrict Terence. Terence closely misses you.
Terence hits you with a +0 morningstar!
Ouch! That really hurt!
* * * LOW HITPOINT WARNING * * *
You hit Terence.
Terence is almost dead.
You constrict Terence, but do no damage.
Terence misses you.
Casting: Scorch (safe; 6% risk of failure)
Confirm with . or Enter, or press ? or * to list all spells.
Flames lash Terence but do no damage.
You constrict Terence, but do no damage.
Terence hits you with a +0 morningstar.
You die...

...## #..####### +... ...# # #..#
# #..# #..# # ### ##..# #..# #
#.# #####...#####..# #
#.###..........##..#######
..######.......@...##.##.........
.............###@..##.##.##.#.###
.........##### #...##.##.##.#.#
#.######.# #..............#
#.########......).######
#...........####### #############


You could see Terence.

Vanquished Creatures
  An adder (D:2)
  4 bats
  3 endoplasms
  2 giant cockroaches (D:2)
  6 goblins
  4 hobgoblins
  6 kobolds
  A quokka (D:1)
  A ball python (D:1)
  5 frilled lizards
33 creatures vanquished.

Vanquished Creatures (others)
  60 foxfires
60 creatures vanquished.

Grand Total: 93 creatures vanquished

Notes
Turn   | Place    | Note
-------+----------+-------------------------------------------
     0 | D:1      | kae the Octopode Fire Elementalist began the quest for the
                  | Orb.
     0 | D:1      | Reached XP level 1. HP: 11/11 MP: 3/3
   228 | D:1      | Reached XP level 2. HP: 17/17 MP: 3/5
  1147 | D:2      | Reached XP level 3. HP: 22/22 MP: 6/6
  1150 | D:2      | Learned a level 2 spell: Scorch
  1154 | D:2      | Learned a level 3 spell: Conjure Flame
  1772 | D:2      | Noticed Terence
  1792 | D:2      | Gained mutation: You tend to lose your temper in combat.
                  | [potion of mutation]
  1792 | D:2      | Gained mutation: You are partially covered in iridescent
                  | scales. (AC +2) [potion of mutation]
  1792 | D:2      | Gained mutation: You have supernaturally acute eyesight.
                  | (SInv) [potion of mutation]
  1798 | D:2      | Slain by Terence

Illustrated notes

Levels and vault maps discovered:
D:1:      matt_arrival_grand_opening, layout_loops_ring
D:2:      layout_loops_ring, chequers_serial_rivers_room_a, minmay_tromino_v7,
          uniq_terence, uniq_crazy_yiuf_cottage

Skill      XL: |  1  2 |
---------------+-------+-----
Stealth        | 3 |  3.2
Fighting       | |  0.7
Dodging        | |  2.2
Spellcasting   | |  2.2
Conjurations   | |  1.6
Fire Magic     | |  3.6

Action                   || total
-------------------------++-------
Melee: Unarmed           ||     4
       Tentacles         ||     7
       Constrict         ||     7
       War axe           ||    23
 Cast: Foxfire           ||    38
       Scorch            ||     2
  Use: Potion            ||     3
 Stab: Sleeping          ||     3
Armor: Skin              ||     4
Dodge: Dodged            ||    24

Table legend: (Time is in decaauts)
 A = Elapsed time spent in this place.
 B = Non-inter-level travel time spent in this place.
 C = Inter-level travel time spent in this place.
 D = Time resting spent in this place.
 E = Time spent auto-exploring this place.
 F = Levels seen in this place.
 G = Mean time per level.
                   A        B        C        D        E       F      G
               +--------+--------+--------+--------+--------+-----+--------+
         Total |   1808 |   1733 |     75 |     69 |   1398 |   2 |  904.0 |
       Dungeon |   1808 |   1733 |     75 |     69 |   1398 |   2 |  904.0 |
               +--------+--------+--------+--------+--------+-----+--------+

Top non-repeatable levels by time:
     D:1: 1013 daAuts
     D:2: 795 daAuts
